Map: Central Protocol

Players

Baedõng

  • Race: Protoss Protoss
  • League: Gold

MorN - Winner!

  • Race: Terran Terran
  • League: Gold

VOD

Have the link to the VOD?

Description

Time

  • Played on: Nov. 9, 2015, 8:26 p.m.
  • Length: 10:36
Show
View Real Time Build Order
Export as new Build Order

Baedõng Protoss 

Build Orders:  

Get SALT Encoding   

  12  0:01  Probe (Chrono Boost)  
  13  0:18  Pylon  
  13  0:24  Probe (Chrono Boost)  
  14  0:35  Probe (Chrono Boost)  
  15  0:37  Gateway  
  15  0:45  Probe (Chrono Boost)  
  15  0:49  Assimilator  
  16  0:56  Probe (Chrono Boost)  
  17  1:00  Pylon  
  17  1:07  Probe (Chrono Boost)  
  18  1:21  Probe (Chrono Boost)  
  19  1:28  Cybernetics Core  
  19  1:36  Probe (Chrono Boost)  
  20  1:43  Pylon  
  20  1:47  Probe (Chrono Boost)  
  21  2:05  Warp Gate (Chrono Boost)  
  21  2:06  Nexus  
  21  2:12  Mothership Core (Chrono Boost)  
  23  2:28  Stalker (Chrono Boost)  
  25  2:33  Probe (Chrono Boost)  
  26  2:42  Forge  
  26  2:49  Pylon  
  26  2:57  Gateway  
  28  2:58  Adept (Chrono Boost)  
  28  3:07  Probe  
  29  3:22  Adept (Chrono Boost), Photon Cannon  
  29  3:26  Photon Cannon  
  31  3:29  Probe  
  32  3:40  Pylon  
  32  3:47  Gateway  
  32  3:48  Probe  
  33  3:49  Probe  
  34  3:55  Pylon  
  34  4:09  Gateway  
  34  4:11  Probe, Assimilator  
  34  4:12  Probe  
  36  4:24  Adept  
  36  4:27  Adept  
  40  4:35  Probe x2 (Chrono Boost)  
  42  4:43  Adept  
  44  4:46  Probe x2 (Chrono Boost)  
  44  4:50  Adept  
  44  4:51  Adept  
  50  4:57  Probe x2 (Chrono Boost)  
  52  5:02  Robotics Facility  
  52  5:07  Probe (Chrono Boost)  
  52  5:08  Probe (Chrono Boost)  
  52  5:14  Adept  
  56  5:15  Adept  
  56  5:18  Adept  
  61  5:27  Adept  
  62  5:36  Protoss Ground Weapons Level 1 (Chrono Boost)  
  62  5:39  Adept x3  
  68  5:51  Warp Prism (Chrono Boost)  
  70  6:02  Pylon  
  69  6:07  Pylon  
  69  6:12  Adept x4  
  77  6:24  Immortal (Chrono Boost)  
  81  6:34  Adept x4  
  85  6:58  Immortal (Chrono Boost)  
  73  7:08  Adept x4  
  45  7:41  Adept  
  47  7:44  Adept x3  
  53  7:56  Probe  
  53  7:57  Probe  
  55  7:59  Pylon  
  55  8:04  Gateway  
  55  8:05  Gateway  
  55  8:06  Twilight Council  
  55  8:07  Gateway, Pylon  
  55  8:10  Assimilator  
  55  8:12  Gateway, Assimilator  
  55  8:15  Adept x4  
  55  8:34  Mothership Core  
  52  8:43  Adept x4  
  40  8:59  Probe  
  40  9:00  Probe  
  42  9:06  Dark Shrine  
  42  9:10  Probe (Chrono Boost)  
  42  9:12  Probe (Chrono Boost)  
  44  9:22  Probe (Chrono Boost)  
  44  9:23  Probe (Chrono Boost)  
  46  9:28  Pylon  
  46  9:32  Probe (Chrono Boost)  
  46  9:34  Probe (Chrono Boost)  
  48  9:41  Adept x3  
  48  9:43  Probe (Chrono Boost)  
  48  9:44  Probe (Chrono Boost)  
Show
View Real Time Build Order
Export as new Build Order

MorN Terran - Winner!

Build Orders: Command Center First (CC), MMM Bio 

Get SALT Encoding   

  12  0:01  SCV  
  13  0:13  SCV  
  14  0:22  Supply Depot  
  14  0:25  SCV  
  15  0:44  SCV  
  16  0:56  SCV  
  17  1:01  Command Center  
  17  1:09  SCV  
  18  1:21  SCV  
  19  1:29  Barracks  
  19  1:32  Barracks  
  19  1:40  Barracks  
  19  1:43  SCV  
  20  1:52  Supply Depot  
  20  1:55  SCV  
  21  2:07  SCV, Refinery  
  22  2:18  Orbital Command  
  22  2:25  Orbital Command  
  22  2:29  Marine  
  23  2:32  Marine  
  23  2:34  Marine  
  25  2:46  SCV  
  25  2:51  Barracks Reactor  
  26  2:52  SCV  
  26  2:54  Marine  
  26  2:55  Marine  
  26  2:58  SCV  
  30  3:04  SCV  
  31  3:10  SCV  
  31  3:12  Marine  
  33  3:13  Marine  
  33  3:16  SCV  
  35  3:22  SCV  
  35  3:26  Refinery  
  35  3:28  Marine x2  
  35  3:29  Marine  
  35  3:31  SCV  
  35  3:32  Factory  
  39  3:34  SCV, Supply Depot  
  39  3:36  Barracks Tech Lab  
  40  3:43  SCV, Refinery  
  40  3:46  SCV  
  42  3:51  Marine x3  
  46  3:55  SCV  
  46  3:58  SCV  
  46  3:59  Supply Depot  
  47  4:06  Stimpack  
  47  4:07  SCV  
  47  4:09  Marine  
  49  4:10  SCV  
  49  4:11  Engineering Bay  
  50  4:19  SCV, Starport  
  50  4:21  Marine x3  
  50  4:22  SCV  
  50  4:23  Factory Reactor  
  55  4:26  Marine  
  56  4:32  SCV  
  56  4:34  Supply Depot  
  56  4:35  SCV  
  58  4:39  Terran Infantry Weapons Level 1  
  58  4:40  Barracks Tech Lab  
  58  4:44  SCV  
  59  4:47  SCV  
  59  4:48  Missile Turret  
  60  4:54  Supply Depot  
  60  4:56  SCV  
  60  4:59  SCV  
  62  5:04  Medivac  
  62  5:05  Medivac  
  66  5:08  SCV  
  66  5:11  SCV  
  66  5:13  Marine x2  
  70  5:14  Combat Shields  
  70  5:18  Supply Depot  
  70  5:20  SCV  
  73  5:23  SCV, Marauder x2  
  73  5:28  Factory Reactor  
  76  5:32  SCV  
  78  5:36  Barracks x2  
  78  5:41  Medivac  
  78  5:42  Command Center  
  79  5:48  Marauder x2  
  83  6:00  Marine x2  
  83  6:03  SCV  
  86  6:05  Refinery  
  86  6:06  Supply Depot, Concussive Shells  
  86  6:09  Supply Depot x2  
  86  6:21  Marine  
  86  6:23  SCV  
  86  6:26  Marine  
  86  6:27  Widow Mine x2  
  86  6:28  Marauder x2  
  94  6:33  Barracks Reactor, Barracks Tech Lab  
  94  6:34  Medivac  
  94  6:38  Supply Depot  
  94  6:39  Marine  
  93  6:48  Marine  
  93  6:49  Marauder, Marine  
  94  6:56  Marine, Widow Mine x2  
  94  6:57  Marine  
  91  7:07  Marine, Marauder  
  92  7:10  Marine  
  92  7:11  Marauder  
  92  7:15  Marine, Marauder  
  94  7:17  Marine  
  94  7:21  Orbital Command  
  92  7:25  Marine  
  92  7:28  Marine x2  
  95  7:32  Marauder  
  95  7:33  Marine  
  95  7:35  Marine  
  95  7:36  Marauder  
  100  7:41  Medivac  
  100  7:42  Medivac  
  100  7:43  Marine  
  105  7:46  Marauder, Marine  
  105  7:50  Marine  
  105  7:51  Widow Mine x2  
  109  7:52  Terran Infantry Armor Level 1  
  109  7:53  Marine x2  
  109  7:54  Engineering Bay  
  109  7:57  Marine, Orbital Command  
  116  7:59  Armory  
  116  8:01  Marine  
  116  8:04  Supply Depot, Marine  
  118  8:08  Marine, Marauder  
  118  8:11  Medivac x2, Marine x2  
  127  8:15  Marauder  
  127  8:19  Marine  
  130  8:21  Marine  
  130  8:26  Marine  
  128  8:28  Marine  
  128  8:29  Marauder, Marine  
  129  8:37  Marauder, Marine  
  129  8:39  Marine  
  131  8:44  Marine  
  131  8:46  Marine  
  131  8:47  Marauder  
  130  8:50  Marauder  
  130  8:54  Marine  
  127  8:57  Marine  
  127  8:58  Marauder  
  127  9:01  Medivac, Widow Mine x2  
  127  9:02  Marine, Medivac  
  139  9:03  SCV x2  
  141  9:37  Barracks  
  141  9:38  Barracks  
  141  9:39  Barracks  
  141  9:45  Marine  
  141  9:48  SCV  
  141  10:32  Barracks Tech Lab x2  
  141  10:34  Barracks Reactor  
Tags
 
Add a new tag
Caveats
  • Supply blocks, unpowered buildings, or Contaminate may cause inaccurate times.
  • Supply counts are checked every 10 seconds.